 Dungeon Crawl Stone Soup version 0.19-a0-1827-g174f941 (webtiles) character file.

16627 Miyamura the Blocker (level 12, -1/83 HPs)
             Began as a Halfling Fighter on Oct 7, 2016.
             Was a Follower of Cheibriados.
             Slain by an orc warrior
             ... wielding a +0 mace
              (2 damage)
             ... on level 2 of the Orcish Mines.
             The game lasted 00:38:45 (15496 turns).

Miyamura the Blocker (Halfling Fighter)            Turns: 15496, Time: 00:38:45

Health: -1/83      AC: 31    Str: 24    XL:     12   Next: 72%
Magic:  17/17      EV: 20    Int: 17    God:    Cheibriados [*.....]
Gold:   351        SH: 13    Dex: 18    Spells: 0 memorised, 11 levels left

rFire  . . .     SeeInvis .     a - +1 long sword
rCold  . . .     Gourm    .     u - +9 plate armour of Anaesthesia {Str+4}
rNeg   . . .     Faith    +     c - +0 shield
rPois  .         Spirit   .     d - +0 helmet
rElec  .         Dismiss  .     g - +0 cloak
rCorr  .         Reflect  .     F - +0 pair of gloves "Lamatom" {MR+ Int+4}
MR     +....     Harm     .     D - +2 pair of boots
Stlth  ..........               j - amulet of faith
                                x - +6 ring of evasion
                                h - +4 ring of slaying

@: very slow
A: blurry vision 1, mutation resistance 1
a: Bend Time, Renounce Religion


You were on level 2 of the Orcish Mines.
You worshipped Cheibriados.
Cheibriados was aware of your devotion.
You were not hungry.

You visited 3 branches of the dungeon, and saw 13 of its levels.
You also visited: Labyrinth and Bailey.

You collected 745 gold pieces.
You spent 394 gold pieces at shops.

Inventory:

Hand Weapons
 a - a +1 long sword (weapon)
Armour
 c - a +0 shield (worn)
 d - a +0 helmet (worn)
 g - a +0 cloak (worn)
 u - the +9 plate armour of Anaesthesia (worn) {Str+4}
   (You found it in a labyrinth)

   It affects your strength (+4).
 D - a +2 pair of boots (worn)
 F - the +0 pair of gloves "Lamatom" (worn) {MR+ Int+4}
   (You bought it in a shop on level 6 of the Dungeon)

   It affects your intelligence (+4).
   It affects your resistance to hostile enchantments.
Jewellery
 h - a +4 ring of slaying (left hand)
 j - an amulet of faith (around neck)
 m - an uncursed ring of protection from magic
 x - a +6 ring of evasion (right hand)
Wands
 r - a wand of flame (24/48)
 y - a wand of confusion (35/48)
 K - a wand of lightning (3/15)
 P - a wand of digging (4/24)
Scrolls
 i - 2 scrolls of amnesia
 l - a scroll of remove curse
 t - 3 scrolls of teleportation
 v - 2 scrolls of fear
 w - a scroll of fog
Potions
 e - 3 potions of heal wounds
 k - 7 potions of curing
 n - 5 potions of lignification
 N - 7 potions of magic
Books
 q - a book of Clouds

   Spells                             Type                      Level
   a - Mephitic Cloud                 Conjuration/Poison/Air       3
   b - Conjure Flame                  Conjuration/Fire             3
   c - Poisonous Cloud                Conjuration/Poison/Air       6
   d - Freezing Cloud                 Conjuration/Ice/Air          6
   e - Ring of Flames                 Charms/Fire                  7
 s - a book of Burglary

   Spells                             Type                      Level
   a - Swiftness                      Charms/Air                   2
   b - Passwall                       Transmutation/Earth          2
   c - Passage of Golubria            Translocation                4
   d - Lee's Rapid Deconstruction     Earth                        5
   e - Darkness                       Hexes                        6
   f - Invisibility                   Hexes                        6
 B - a book of Transfigurations

   Spells                             Type                      Level
   a - Irradiate                      Conjuration/Transmutation    5
   b - Statue Form                    Transmutation/Earth          6
   c - Hydra Form                     Transmutation                6
   d - Dragon Form                    Transmutation                7
 C - a book of Callings

   Spells                             Type                      Level
   a - Summon Small Mammal            Summoning                    1
   b - Call Imp                       Summoning                    2
   c - Call Canine Familiar           Summoning                    3
   d - Summon Guardian Golem          Hexes/Summoning              3
   e - Summon Lightning Spire         Summoning/Air                4
   f - Summon Ice Beast               Ice/Summoning                4
Comestibles
 f - 4 bread rations
 o - 7 meat rations
 A - 8 fruits


   Skills:
 + Level 8.3 Fighting
 + Level 8.4 Long Blades
 + Level 9.9 Armour
 + Level 9.3 Dodging
 + Level 10.0 Shields
 + Level 6.8 Invocations


You had 11 spell levels left.
You didn't know any spells.

Dungeon Overview and Level Annotations

Branches:
Dungeon (10/15)            Temple (1/1) D:5             Orc (2/2) D:9
    Elf (0/3) Orc:2
   Lair: D:8-11

Altars:
Ashenzari
Cheibriados
Dithmenos
Elyvilon
Fedhas
Gozag
Hepliaklqana
Kikubaaqudgha
Makhleb
Nemelex Xobeh
Okawaru
Qazlal
Ru
Sif Muna
Trog
Uskayaw
Vehumet
Yredelemnul
Zin
The Shining One

Shops:
D:6 [   D:8 ?

Annotations:
D:9 Maurice


Innate Abilities, Weirdness & Mutations

You are small and have problems with some larger weapons.
You are somewhat resistant to further mutation.
Scrolls take you a little longer to read.


Message History

The orc warrior shouts!
The orc shouts!
You hear a shout!
The orc priest hits you but does no damage.
You block the orc warrior's attack. 9 orcs and an ogre come into view.
An orc is wielding a morningstar of venom.
Really read with blurry vision while enemies are nearby?
Okay, then.
Unknown command.
Unknown command.
Really read with blurry vision while enemies are nearby?
The orc warrior shouts!
The orc priest shouts!
The orc priest mumbles some strange prayers to Beogh against you.
Beogh smites you!
* * * LOW HITPOINT WARNING * * *
You begin reading the scroll.
You continue reading the scroll.
The orc hits you but does no damage.
The orc moves out of view.
You block the ogre's attack.
The orc high priest mumbles some strange prayers to Beogh.
The orc warrior hits you with a mace.
You die... ##. ### # .o. ..## .. .. #..# ..3 ..o..## ..#. .#...# ..ooo

....##
.o#...#oO..#
...o.oo@o..#
..#...#.o..#
....o o....#
..#. .#o...#
... ......##
.. .o #...#
. .......##
.#...#..#
.....


You could see an orc knight, an orc high priest, a sun demon, 4 orc warriors, an
ogre, 4 orc priests and 6 orcs.

Vanquished Creatures
  A minotaur (Lab)
  2 orc knights (Orc:1)
  Pikel (D:9)
  An orc sorcerer (D:9)
  A two-headed ogre (D:8)
  2 hippogriffs (D:9)
  Sigmund (D:3)
  Eustachio (D:4)
  A hungry ghost (D:8)
  2 wargs
  16 orc warriors
  A slave (D:9)
  2 ice beasts
  2 sky beasts (D:6)
  A black bear (D:9)
  A phantom (D:6)
  A centaur (D:5)
  7 ogres
  2 crocodiles
  7 bullfrogs
  A gnoll sergeant (D:6)
  3 scorpions
  10 wights (D:9)
  2 electric eels (D:6)
  A bullfrog zombie (D:7)
  6 crimson imps
  4 hounds
  2 centaur zombies
  A centaur skeleton (D:7)
  17 orc priests
  3 iguanas
  17 orc wizards
  7 worker ants
  16 gnolls
  15 adders
  2 shadow imps
  An ooze (D:4)
  3 worms
  3 dart slugs
  4 leopard geckos
  87 orcs
  A ball python (D:1)
  5 giant cockroaches
  2 gnoll zombies (D:8)
  13 goblins
  15 hobgoblins
  9 jackals
  5 quokkas
  6 bats
  4 frilled lizards
  A jackal zombie (D:5)
  14 kobolds
  A leopard gecko skeleton (D:7)
  2 quokka skeletons
  A quokka zombie (D:7)
  8 rats
345 creatures vanquished.

Vanquished Creatures (others)
  2 slaves (D:9)
  2 orc wizards
  A howler monkey skeleton (D:9)
  An orc (Orc:1)
6 creatures vanquished.

Grand Total: 351 creatures vanquished

Notes
Turn   | Place    | Note
-------+----------+-------------------------------------------
     0 | D:1      | Miyamura the Halfling Fighter began the quest for the Orb.
     0 | D:1      | Reached XP level 1. HP: 15/15 MP: 1/1
    78 | D:1      | Reached XP level 2. HP: 20/20 MP: 2/2
   436 | D:1      | Reached XP level 3. HP: 25/25 MP: 3/3
   795 | D:2      | Reached skill level 1 in Dodging
  1069 | D:2      | Reached XP level 4. HP: 31/31 MP: 4/4
  1554 | D:2      | Reached skill level 4 in Shields
  1554 | D:2      | Reached XP level 5. HP: 15/36 MP: 5/5
  2345 | D:3      | Noticed Sigmund
  2352 | D:3      | Killed Sigmund
  2352 | D:3      | Reached XP level 6. HP: 43/43 MP: 6/6
  2741 | D:4      | Noticed Eustachio
  2759 | D:3      | Reached XP level 7. HP: 39/47 MP: 7/7
  3566 | D:4      | Reached skill level 5 in Armour
  3651 | D:4      | Killed Eustachio
  3651 | D:4      | Reached skill level 5 in Shields
  3958 | D:4      | Reached XP level 8. HP: 54/54 MP: 8/8
  4473 | D:5      | Entered Level 5 of the Dungeon
  5183 | D:5      | Reached skill level 5 in Fighting
  5190 | D:5      | Reached skill level 6 in Shields
  5265 | D:5      | Found a staircase to the Ecumenical Temple.
  5290 | Temple   | Entered the Ecumenical Temple
  5594 | Temple   | Became a worshipper of Uskayaw the Reveler
  5876 | D:5      | Reached * piety under Uskayaw
  5878 | D:5      | Reached ** piety under Uskayaw
  5879 | D:5      | Reached XP level 9. HP: 55/61 MP: 9/9
  5998 | D:6      | Found an opulent altar of Gozag.
  5998 | D:6      | Found an iron altar of Okawaru.
  6005 | D:6      | Reached skill level 5 in Long Blades
  6005 | D:6      | Reached skill level 5 in Dodging
  6015 | D:6      | Reached *** piety under Uskayaw
  6024 | D:6      | Reached **** piety under Uskayaw
  6036 | D:6      | Reached ***** piety under Uskayaw
  6365 | D:6      | Found a glowing golden altar of the Shining One.
  6367 | D:6      | Found a shadowy altar of Dithmenos.
  6396 | D:6      | Found Saeto's Antique Armour Emporium.
  6401 | D:6      | Bought a pair of ancient gloves for 190 gold pieces
  6406 | D:6      | Identified the +0 pair of gloves "Lamatom" {MR+ Int+4} (You bought it in a shop on level 6 of the Dungeon)
  7812 | D:7      | Reached skill level 7 in Shields
  8064 | D:7      | Reached skill level 1 in Invocations
  8304 | D:7      | Reached XP level 10. HP: 67/68 MP: 11/11
  8449 | D:7      | Found an ancient bone altar of Kikubaaqudgha.
  8450 | D:7      | Found a stormy altar of Qazlal.
  8838 | D:8      | Got a scorched crystal plate armour
  8839 | D:8      | Identified the cursed +1 crystal plate armour "Teveiq" {+Blink Dex-2 Slay-5 Stlth+} (You found it on level 8 of the Dungeon)
  8927 | D:8      | Found Vofym's Magic Scroll Shop.
  8947 | D:8      | Bought a scroll of remove curse for 36 gold pieces
  8947 | D:8      | Bought a scroll of identify for 24 gold pieces
  8947 | D:8      | Bought a scroll of identify for 24 gold pieces
  8947 | D:8      | Bought a scroll of identify for 24 gold pieces
  8947 | D:8      | Bought 2 scrolls of teleportation for 72 gold pieces
  8947 | D:8      | Bought a scroll of identify for 24 gold pieces
  9099 | D:8      | Found a basalt altar of Yredelemnul.
  9843 | D:9      | Noticed Pikel
  9875 | D:9      | Killed Pikel
  9875 | D:9      | Reached skill level 8 in Shields
  9964 | D:9      | Found a staircase to the Orcish Mines.
 10223 | D:9      | Noticed Maurice
 10368 | D:9      | Reached XP level 11. HP: 52/74 MP: 14/14
 10384 | D:9      | Found a hazy altar of Hepliaklqana.
 11296 | Orc:1    | Entered Level 1 of the Orcish Mines
 11303 | Orc:1    | Noticed an orc knight
 11632 | Orc:1    | Killed an orc knight
 11669 | Orc:1    | Found a flagged portal.
 11681 | Bailey   | Entered a bailey
 12000 | Bailey   | Reached skill level 5 in Invocations
 12202 | Orc:1    | Noticed an orc sorcerer
 12331 | D:9      | Reached skill level 9 in Shields
 12331 | D:9      | Reached XP level 12. HP: 71/82 MP: 14/16
 12591 | Temple   | Fell from the grace of Uskayaw
 12591 | Temple   | Became a worshipper of Cheibriados the Contemplative
 12769 | D:10     | Entered Level 10 of the Dungeon
 12812 | Orc:1    | Noticed a sun demon
 13651 | Orc:2    | Entered Level 2 of the Orcish Mines
 13711 | Orc:2    | Reached * piety under Cheibriados
 13736 | Orc:2    | Found a labyrinth entrance.
 13737 | Orc:2    | Found a staircase to the Elven Halls.
 13746 | Lab      | Entered a labyrinth
 15168 | Lab      | Noticed a minotaur
 15172 | Lab      | Gained mutation: Scrolls take you a little longer to read. [potion of mutation]
 15184 | Lab      | Killed a minotaur
 15381 | Lab      | Got a fine plate armour
 15405 | Lab      | Identified the +9 plate armour of Anaesthesia {Str+4} (You found it in a labyrinth)
 15479 | Orc:2    | Reached skill level 10 in Shields
 15495 | Orc:2    | Noticed an orc high priest
 15495 | Orc:2    | HP: 1/83 [orc priest/divine providence (15)]
 15496 | Orc:2    | Slain by an orc warrior

Vault maps used:
D:1:      roderic_octagonal_star
D:3:      first_bread, uniq_sigmund
D:4:      serial_forest, infiniplex_forest_lined_room_3,
          infiniplex_forest_clump_tiny, infiniplex_forest_straight_4,
          infiniplex_forest_zigzag_1, infiniplex_forest_lined_room_,
          infiniplex_forest_clump_large, serial_park_tiny_2, glass_columns_b,
          kennysheep_small_circle, uniq_eustachio
D:6:      nicolae_overflow_hidden_temple, serial_shops, shop,
          kennysheep_diamond, lightli_minifort
D:7:      gammafunk_temple_overflow_pools
D:8:      lemuel_zombie_altar_yredelemnul, special_room, serial_shops,
          kennysheep_little_box
D:9:      old_standard_altar, david_orc_2, uniq_maurice, uniq_pikel
D:10:     lair_0_dummy, basic_altar
Temple:   hc_temple_tempest_star
Orc:1:    enter_bailey_3, guppyfry_library_mini
Orc:2:    st_orc_pillars, enter_volcano_1, lab_entry_generic, special_room
Lab:      labyrinth_skeletal_remains, nicolae_lab_arrow
Bailey:   bailey_axe_2, bailey

Skill      XL: |  1  2  3  4  5  6  7  8  9 10 11 12 |
---------------+-------------------------------------+-----
Fighting       | 3 4 5 6 8 |  8.3
Dodging        | 1 2 3 4 6 7 8 9 |  9.3
Armour         | 4 5 6 7 8 9 |  9.9
Shields        | 4 5 6 7 8 9 10 | 10.0
Long Blades    | 3 4 5 6 8 |  8.4
Invocations    | 1 4 6 |  6.8

Action                   |  1- 3 |  4- 6 |  7- 9 | 10-12 || total
-------------------------+-------+-------+-------+-------++-------
Melee: Long sword        |    78 |    98 |   382 |   738 ||  1296
Invok: Stomp             |       |       |     1 |    15 ||    16
       Line Pass         |       |       |     1 |     1 ||     2
       Bend Time         |       |       |       |     1 ||     1
Evoke: Wand              |       |       |       |    10 ||    10
  Use: Scroll            |       |     7 |     7 |    19 ||    33
       Potion            |       |     3 |     3 |    12 ||    18
 Stab: Paralysed         |       |       |     4 |    25 ||    29
       Invisible         |       |       |       |     1 ||     1
  Eat: Chunk             |     1 |     6 |    16 |    21 ||    44
       Beef jerky        |       |       |     2 |       ||     2
       Pizza             |       |       |       |     2 ||     2
       Royal jelly       |       |       |       |     1 ||     1
       Fruit             |       |       |       |     1 ||     1
Armor: Scale mail        |    31 |    43 |    83 |   113 ||   270
       Skin              |       |       |     3 |       ||     3
       Plate armour      |       |       |       |    19 ||    19
Dodge: Dodged            |    30 |    58 |   170 |   458 ||   716
Block: Shield            |    44 |    56 |   194 |   470 ||   764
       Rpst.: Long sword |     7 |    20 |    42 |   104 ||   173
